 Dungeon Crawl Stone Soup version 0.17.0-24-gcfadda4 (console) character file.

452 Kloppie the Cleaver (level 7, -7/57 HPs)
             Began as a Hill Orc Fighter on Nov 18, 2015.
             Mangled by an ogre
             ... wielding a +0 giant club
              (19 damage)
             ... on level 4 of the Dungeon.
             The game lasted 00:03:54 (3104 turns).

Kloppie the Cleaver (Hill Orc Fighter)              Turns: 3104, Time: 00:03:54

Health: -7/57      AC:  8    Str: 24    XL:     7   Next: 4%
Magic:  7/7        EV:  7    Int:  8    God:
Gold:   174        SH:  9    Dex: 12    Spells: 0 memorised, 6 levels left

rFire  . . .     SeeInvis .     a - +0 war axe
rCold  . . .     Clarity  .     b - +0 scale mail
rNeg   . . .     SustAt   .     c - +0 shield
rPois  .         Gourm    .     f - +0 helmet
rElec  .         Spirit   .     (no cloak)
rCorr  .         Warding  .     (no gloves)
rMut   .         Stasis   .     (no boots)
MR     .....                    (no amulet)
Stlth  ..........               (no ring)
                                (no ring)

@: mighty, not resistant to hostile enchantments, extremely unstealthy
A: no striking features
a: no special abilities


You were on level 4 of the Dungeon.
You were hungry.

You visited 1 branch of the dungeon, and saw 4 of its levels.

You collected 174 gold pieces.

Inventory:

Hand Weapons
 a - a +0 war axe (weapon)
Armour
 b - a +0 scale mail (worn)
 c - a +0 shield (worn)
 f - a +0 helmet (worn)
Jewellery
 m - an uncursed ring of magical power {unknown}
 v - an uncursed amulet of regeneration {unknown}
Wands
 r - a wand of fireball (7)
Scrolls
 g - 2 scrolls of random uselessness {unknown}
 h - 2 scrolls of magic mapping {unknown}
 n - 6 scrolls of identify {unknown}
 o - a scroll of enchant armour {unknown}
 t - a scroll of blinking {unknown}
 u - 2 scrolls of amnesia {unknown}
Potions
 i - a potion of invisibility {unknown}
 j - a potion of lignification {unknown}
 p - a potion of curing {unknown}
 s - a potion of degeneration {unknown}
 w - a potion of agility {unknown}
Comestibles
 e - 3 bread rations
 k - a royal jelly
 l - 4 fruits
 q - a meat ration


   Skills:
 - Level 3.6 Fighting
 + Level 9.6 Axes
 - Level 3.2 Armour
 - Level 3.2 Shields


You had 6 spell levels left.
You didn't know any spells.

Dungeon Overview and Level Annotations

Branches:
Dungeon (4/15)
 Temple: D:4-7

Altars:


Message History

You have reached level 7!
You barely miss the ogre.
The ogre is lightly wounded.
You block the ogre's attack.
You hit the ogre.
The ogre is lightly wounded.
You block the ogre's attack.
You hit the ogre.
The ogre is moderately wounded.
The ogre hits you with a giant club!!
* * * LOW HITPOINT WARNING * * *
You barely miss the ogre.
The ogre is moderately wounded.
The ogre hits you but does no damage.
You slash the ogre!
The ogre is severely wounded.
You slash the ogre!
The ogre is almost dead.
The ogre hits you with a giant club!!
You die...

#.# #.# # ## #.# ## #.#. #.# #.
#.#.# ###.# #. .... #.#.# #. #..
#.#.###.
.##.#..##########.#.....
>......@............###.
.####.O##########.#.###. .....
#######....... #####.
...........#.# #.### ..
.............. #.#.. ..
.............# #.#.# ...
..........#..# #.#.# ...
..........#†.#
#.#.#####################.###..#


You could see an ogre.

Vanquished Creatures
  The ghost of OmG the Charlatan, an amateur FoAr (D:4)
  A centaur skeleton (D:4)
  2 orc priests (D:3)
  Natasha (thrice) (D:2)
  An orc wizard (D:3)
  A gnoll (D:3)
  9 adders
  2 oozes
  5 worms
  2 giant geckos
  6 orcs (D:3)
  5 giant cockroaches
  10 hobgoblins
  A quokka (D:3)
  7 bats
  A giant newt (D:3)
  6 goblins
  6 kobolds
  13 rats
82 creatures vanquished.

Notes
Turn   | Place    | Note
--------------------------------------------------------------
     0 | D:1      | Kloppie the Hill Orc Fighter began the quest for the Orb.
     0 | D:1      | Reached XP level 1. HP: 19/19 MP: 1/1
   228 | D:1      | Reached XP level 2. HP: 13/26 MP: 2/2
   525 | D:1      | Reached skill level 4 in Axes
   742 | D:1      | Reached XP level 3. HP: 31/31 MP: 3/3
  1035 | D:2      | Reached skill level 5 in Axes
  1282 | D:2      | Reached XP level 4. HP: 23/39 MP: 4/4
  1415 | D:2      | Noticed Natasha
  1432 | D:2      | Killed Natasha
  1432 | D:2      | Reached skill level 6 in Axes
  1786 | D:2      | Noticed Natasha
  1792 | D:2      | Killed Natasha
  1795 | D:2      | Noticed Natasha
  1799 | D:2      | Killed Natasha
  1979 | D:3      | Reached XP level 5. HP: 43/45 MP: 5/5
  1984 | D:3      | Reached skill level 7 in Axes
  2156 | D:3      | Reached skill level 8 in Axes
  2156 | D:3      | Reached XP level 6. HP: 38/51 MP: 6/6
  3090 | D:4      | Noticed OmG's ghost (amateur FoAr)
  3099 | D:4      | Killed OmG's ghost
  3099 | D:4      | Reached skill level 9 in Axes
  3099 | D:4      | Reached XP level 7. HP: 30/57 MP: 7/7
  3104 | D:4      | Mangled by an ogre

Action                   |  1- 3 |  4- 6 |  7- 9 || total
-------------------------+-------+-------+-------++-------
Melee: War axe           |   126 |   163 |     5 ||   294
  Use: Potion            |       |     1 |       ||     1
  Eat: Chunk             |     1 |     6 |       ||     7
